 Dungeon Crawl Stone Soup version 0.31-a0-746-ge8284cb111 (webtiles) character file.

Game seed: 11187220762948361476

4 GordonOverkill the Sneak (level 1, -2/13 HPs)
             Began as a Deep Elf Delver on Sept 14, 2023.
             Slain by a kobold
             ... wielding a +1 whip of electrocution
              (13 damage)
             ... on level 4 of the Dungeon.
             The game lasted 00:01:17 (216 turns).

GordonOverkill the Sneak (Deep Elf Delver)           Turns: 216, Time: 00:01:17

Health: -2/13      AC:  5    Str: 12    XL:     1   Next: 50%
Magic:  3/3        EV: 11    Int: 14    God:
Gold:   34         SH:  0    Dex: 16    Spells: 0/0 levels left

rFire   . . .        a - +0 short sword
rCold   . . .        (no shield)
rNeg    . . .        e - +0 ring mail of Beastly Happiness {+Blink Str+3 Slay+3 Stlth-}
rPois   .            (no helmet)
rElec   .            (no cloak)
rCorr   .            (no gloves)
SInv    .            (no boots)
Will    .....        (no amulet)
Stlth   ++           (no ring)
HPRegen 0.22/turn    (no ring)
MPRegen 0.08/turn

%: no passive effects
@: no status effects
A: no striking features
a: Evoke Blink


You were on level 4 of the Dungeon.
You visited 1 branch of the dungeon, and saw 3 of its levels.

You collected 34 gold pieces.

Inventory:

Hand Weapons
 a - a +0 short sword (weapon)
Armour
 b - a +0 leather armour
 e - the +0 ring mail of Beastly Happiness (worn) {+Blink Str+3 Slay+3 Stlth-}
   (You found it on level 4 of the Dungeon)

   Str+3:     It affects your strength (+3).
   Slay+3:    It affects your accuracy & damage with ranged weapons and melee
   (+3).
   +Blink:    It lets you blink.
   Stlth-:    It makes you less stealthy.
Wands
 g - a wand of digging (3)
Scrolls
 c - a scroll of fog
 d - a scroll of revelation
 h - a scroll of identify {unknown}
Potions
 f - a potion of haste
 i - a potion of enlightenment {unknown}


   Skills:
 + Level 2.7 Fighting
 - Level 2.0 Short Blades
 - Level 2.4 Dodging
 - Level 6.0 Stealth


You couldn't memorise any spells.
You didn't know any spells.
Your spell library was empty.

Dungeon Overview and Level Annotations

Branches:
Dungeon (6/15)
 Temple: D:4-7

Altars:
Dithmenos


Message History

The giant cockroach bites you but does no damage.
You puncture the giant cockroach!
You kill the giant cockroach!
The endoplasm freezes you.
You are frozen.
* * * LOW HITPOINT WARNING * * *
You hit the endoplasm.
The endoplasm is moderately wounded.
The endoplasm barely misses you.
You hit the endoplasm.
The endoplasm is severely wounded.
The endoplasm hits you but does no damage.
You hit the endoplasm.
You kill the endoplasm!
An endoplasm comes into view.
You start resting.
HP restored.
No target in view!
Found a scale mail.
The endoplasm quivers.
Found a lumpy sapphire potion.
The endoplasm closely misses you.
You puncture the endoplasm!
You kill the endoplasm!
No target in view!
No target in view!
No target in view!
i - a lumpy sapphire potion
Found 12 gold pieces.
A kobold comes into view.
It is wielding a +1 whip of electrocution.
Found 11 gold pieces.
A kobold is nearby!
You now have 34 gold pieces (gained 12).
The kobold shouts!
You hear an angry hiss.
The kobold barely misses you.
You closely miss the kobold.
The kobold hits you with a +1 whip of electrocution.
You are electrocuted!
Ouch! That really hurt!
You die...

### ####......### ###.#
######..##..# ....
.#..###.#.#......###....
.....#................#.
........................
..[........#.......##..
.....#.....#.....#...#
.....##..........##..#
......#.#.......@# ....
................K.....#.
.........###..........#
.........#..............
........................
.............###........
.......#..... #$.......
....###..... .........
#..##.....


You could see a kobold.

Vanquished Creatures
  2 endoplasms (D:4)
  A giant cockroach (D:4)
3 creatures vanquished.

Notes
Turn   | Place    | Note
-------+----------+-------------------------------------------
     0 | D:5      | GordonOverkill the Deep Elf Delver began the quest for the
                  | Orb.
     0 | D:5      | Reached XP level 1. HP: 13/13 MP: 3/3
     1 | D:6      | Noticed a sleepcap
     1 | D:6      | Noticed a kobold brigand
     1 | D:6      | Noticed a bullfrog
    14 | D:5      | Noticed a jelly
    71 | D:6      | Noticed an ice beast
    71 | D:6      | Found a shadowy altar of Dithmenos.
    77 | D:5      | Noticed a howler monkey
   106 | D:5      | Noticed an iguana
   131 | D:4      | Identified the +0 ring mail of Beastly Happiness {+Blink
                  | Str+3 Slay+3 Stlth-}
   216 | D:4      | Slain by a kobold

Illustrated notes

Levels and vault maps discovered:
D:4:      layout_cave_pools, chequers_temple_overflow_minitemple, serial_shops,
          shop, minmay_misc_feat_rows
D:5:      layout_gridville, elyvilon_altar_5, serial_shops, nicolae_shop_stone
D:6:      layout_cave_pools, mainiacjoe_overflow_catwalk, grunt_dithmenos_smoke,
          temple_statues, serial_shops, nicolae_shop_crystal,
          nicolae_shop_temple_entry_statues_fountains,
          nicolae_shop_pleasant_corner_grove, gammafunk_ghost_gnarly_gnolls

Action                     || total
---------------------------++-------
  Melee: Short sword       ||    12
    Use: Scroll            ||     1
 Armour: Ring mail         ||     7
         Leather armour    ||     1
  Dodge: Dodged            ||     6

Table legend: (Time is in decaauts)
 A = Elapsed time spent in this place.
 B = Non-inter-level travel time spent in this place.
 C = Inter-level travel time spent in this place.
 D = Time resting spent in this place.
 E = Time spent auto-exploring this place.
 F = Levels seen in this place.
 G = Mean time per level.
                   A        B        C        D        E       F      G
               +--------+--------+--------+--------+--------+-----+--------+
         Total |    215 |    215 |      0 |     17 |      0 |   3 |   71.7 |
       Dungeon |    215 |    215 |      0 |     17 |      0 |   3 |   71.7 |
               +--------+--------+--------+--------+--------+-----+--------+

Top non-repeatable levels by time:
     D:5: 110 daAuts
     D:4: 87 daAuts
     D:6: 17 daAuts
